 Dungeon Crawl Stone Soup version 0.20.1-1-g8b1a95d (webtiles) character file.

60 Jukra the Firebug (level 3, -1/26 HPs)
             Began as a Demigod Fire Elementalist on Sept 11, 2017.
             Slain by a leopard gecko (3 damage)
             ... on level 2 of the Dungeon.
             The game lasted 00:11:15 (1491 turns).

Jukra the Firebug (Demigod Fire Elementalist)       Turns: 1491, Time: 00:11:16

Health: -1/26      AC:  2    Str: 11    XL:     3   Next: 55%
Magic:  2/9        EV: 13    Int: 21    God:
Gold:   77         SH:  0    Dex: 16    Spells: 3/6 levels left

rFire    . . .     SeeInvis .   (no weapon)
rCold    . . .     Gourm    .   (no shield)
rNeg     . . .     Faith    .   a - +0 robe
rPois    .         Spirit   .   (no helmet)
rElec    .         Reflect  .   (no cloak)
rCorr    +         Harm     .   (no gloves)
MR       .....                  (no boots)
Stlth    ++........             (no amulet)
Regen    0.1/turn               f - ring of resist corrosion
MPRegen  0.2/turn               (no ring)

@: no status effects
A: high mp 1
a: no special abilities


You were on level 2 of the Dungeon.
You were not hungry.

You visited 1 branch of the dungeon, and saw 2 of its levels.

You collected 77 gold pieces.

Inventory:

Hand Weapons
 e - a +0 hunting sling of freezing
Armour
 a - a +0 robe (worn)
 k - a +0 scale mail
Jewellery
 f - a ring of resist corrosion (left hand)
Scrolls
 c - 2 scrolls of noise {unknown}
 g - a scroll of recharging {unknown}
 h - 2 scrolls of identify {unknown}
 j - 2 scrolls of magic mapping {unknown}
 l - 2 scrolls of remove curse {unknown}
Potions
 d - a potion of heal wounds {unknown}
Books
 b - a book of Flames

   Spells                             Type                      Level
   a - Flame Tongue                   Conjuration/Fire             1
   b - Throw Flame                    Conjuration/Fire             2
   c - Conjure Flame                  Conjuration/Fire             3
   d - Inner Flame                    Hexes/Fire                   3
   e - Sticky Flame                   Conjuration/Fire             4
   f - Fireball                       Conjuration/Fire             5
Comestibles
 i - 4 fruits


   Skills:
 + Level 2.0 Dodging
 + Level 2.3 Stealth
 + Level 0.3 Unarmed Combat
 + Level 2.4 Spellcasting
 + Level 1.2 Conjurations
 + Level 3.2 Fire Magic


You had 3 spell levels left.
You knew the following spells:

 Your Spells              Type           Power        Failure   Level  Hunger
a - Flame Tongue          Conj/Fire      ##...        5%          1    None
b - Throw Flame           Conj/Fire      ##....       9%          2    ##.....


Dungeon Overview and Level Annotations

Branches:
Dungeon (2/15)


Innate Abilities, Weirdness & Mutations

You have an increased reservoir of magic. (+10% MP)


Message History

You closely miss the leopard gecko.
The leopard gecko is moderately wounded.
The leopard gecko barely misses you. The hobgoblin closely misses you.
The leopard gecko barely misses you.
You barely miss the leopard gecko.
The leopard gecko is moderately wounded.
The hobgoblin misses you. The leopard gecko bites you.
You closely miss the leopard gecko.
The leopard gecko is moderately wounded.
The hobgoblin hits you with a club. The leopard gecko bites you.
* * * LOW HITPOINT WARNING * * *
You barely miss the leopard gecko.
The leopard gecko is moderately wounded.
The leopard gecko bites you.
* * * LOW HITPOINT WARNING * * *
The hobgoblin hits you with a club.
* * * LOW HITPOINT WARNING * * *
The leopard gecko misses you. The leopard gecko bites you.
You die...

......
...#.##......##......
###(...
....((.......########
........................#
##.............####......##
#...... #.....####.........
.#####....#.............
.......>...........#....
#..................#....
.......@.....#.....#....
##.....l.....#.......... .
#.....g..####........# ..
#..###.....##........#
#.#..........######....##
#............# #......
....#)$.......# ####......
..........$....###...##....
..###....)...........# ....


You could see a leopard gecko and a hobgoblin.

Vanquished Creatures
  An adder (D:2)
  2 oozes (D:1)
  3 dart slugs
  5 bats
  5 giant cockroaches
  4 goblins
  5 hobgoblins
  A frilled lizard (D:1)
  5 kobolds
  4 rats
35 creatures vanquished.

Notes
Turn   | Place    | Note
-------+----------+-------------------------------------------
     0 | D:1      | Jukra the Demigod Fire Elementalist began the quest for the Orb.
     0 | D:1      | Reached XP level 1. HP: 14/14 MP: 5/5
    12 | D:1      | Reached skill level 1 in Conjurations
   236 | D:1      | Reached XP level 2. HP: 20/20 MP: 5/7
   265 | D:1      | Learned a level 2 spell: Throw Flame
   445 | D:1      | Reached skill level 3 in Fire Magic
  1038 | D:2      | Reached XP level 3. HP: 23/26 MP: 1/8
  1485 | D:2      | HP: 1/26 [hobgoblin/club (2)]
  1491 | D:2      | Slain by a leopard gecko

Skill      XL: |  1  2 |
---------------+-------+-----
Conjurations   | 1 |  1.2
Spellcasting   | 2 |  2.4
Stealth        | 2 |  2.3
Fire Magic     | 3 |  3.2
Dodging        | 2 |  2.0
Unarmed Combat | |  0.3

Action                   || total
-------------------------++-------
Melee: Unarmed           ||    32
 Cast: Flame Tongue      ||    56
       Throw Flame       ||     3
  Eat: Bread ration      ||     1
Armor: Robe              ||    11
Dodge: Dodged            ||    31
